 Dungeon Crawl Stone Soup version 0.30-a0-377-g5cb311bc9f (webtiles) character file.

Game seed: 16957568600169246676

725 lokiplouj the Trooper (level 7, -8/63 HPs)
             Began as a Minotaur Fighter on Dec 1, 2022.
             Was an Initiate of Ashenzari.
             Killed from afar by Dowan (14 damage)
             ... with a bolt of light
             ... on level 5 of the Dungeon.
             The game lasted 00:09:02 (3660 turns).

lokiplouj the Trooper (Minotaur Fighter)            Turns: 3660, Time: 00:09:02

Health: -8/63      AC:  8    Str: 23    XL:     7   Next: 43%
Magic:  0/6        EV:  9    Int:  5    God:    Ashenzari [......]
Gold:   182        SH:  0    Dex:  9    Spells: 6/6 levels left

rFire   + + .      SeeInvis .    d - +1 spear (vorpal)
rCold   x . .      Faith    .    c - +0 buckler
rNeg    . . .      Spirit   +    b - +0 scale mail
rPois   .          Reflect  .    (helmet restricted)
rElec   .          Harm     .    (no cloak)
rCorr   .          Rampage  .    u - +0 pair of gloves
Will    .....                    (no boots)
Stlth   ..........               e - amulet of guardian spirit
HPRegen 0.30/turn                o - ring of fire
MPRegen 0.10/turn                n - ring of protection from fire

@: confused, lethally poisoned (-8 -> -12)
A: horns 2, retaliatory headbutt
a: Renounce Religion, Curse Item


You were on level 5 of the Dungeon.
You worshipped Ashenzari.
Ashenzari was noncommittal.
You visited 1 branch of the dungeon, and saw 5 of its levels.

You collected 182 gold pieces.

Inventory:

Hand Weapons
 a - a +0 war axe
 d - a +1 vorpal spear (weapon)
Armour
 b - a +0 scale mail (worn)
 c - a +0 buckler (worn)
 u - a +0 pair of gloves (worn)
Jewellery
 e - an amulet of guardian spirit (around neck)
 n - a ring of protection from fire (right hand)
 o - a ring of fire (left hand)
Wands
 j - a wand of roots (10)
 v - a wand of charming (12) (quivered)
Scrolls
 g - a scroll of brand weapon
 i - 2 scrolls of noise
 m - 2 scrolls of vulnerability {unknown}
 p - a scroll of magic mapping
 s - a scroll of teleportation {unknown}
 t - a scroll of immolation {unknown}
Potions
 f - a potion of ambrosia {unknown}
 h - a potion of cancellation {unknown}
 k - a potion of curing
 l - 2 potions of heal wounds {unknown}
 q - 3 potions of lignification
 r - a potion of might


   Skills:
 + Level 6.1 Fighting
 + Level 5.5 Axes
 + Level 6.1 Armour
 + Level 6.1 Shields


You had 6 spell levels left.
You didn't know any spells.
Your spell library contained the following spells:

 Spells                   Type           Power      Damage    Failure   Level
 Summon Small Mammal      Summ           0%         N/A       85%         1
 Call Canine Familiar     Summ           0%         N/A       99%         3
 Summon Guardian Golem    Hex/Summ       0%         N/A       99%         3


Dungeon Overview and Level Annotations

Branches:
Dungeon (5/15)             Temple (0/1) D:4

Altars:
Ashenzari
Dithmenos
Hepliaklqana
Uskayaw
Vehumet

Annotations:
D:5 Dowan, Duvessa


Innate Abilities, Weirdness & Mutations

You have a pair of horns on your head.
You reflexively headbutt those who attack you in melee.


Message History

Dowan is moderately wounded.
You block Dowan's attack. The black bear closely misses you.
The black bear completely misses you.
The black bear claws you but does no damage.
Duvessa hits you with a +0 short sword.
You hit Dowan.
Dowan is heavily wounded.
Duvessa hits you with a +0 short sword.
Dowan hits you with a +1 dagger of venom.
You are poisoned.
The black bear closely misses you. You furiously retaliate!
You headbutt the black bear, but do no damage.
The black bear claws you but does no damage. x2
You block Duvessa's attack.
You hit Dowan.
Dowan is heavily wounded.
You feel very sick. The black bear closely misses you. You furiously retaliate!
You headbutt the black bear.
The black bear claws you but does no damage.
The black bear barely misses you. Dowan completely misses you.
Duvessa hits you but does no damage.
You miss Dowan. Your headbutt misses Dowan.
Dowan is heavily wounded.
You feel sick. Duvessa barely misses you. You furiously retaliate!
You headbutt Duvessa!
Dowan zaps a wand.
The bolt of light hits you!
You are confused.
* * * LOW HITPOINT WARNING * * *
The black bear bites you but does no damage.
The black bear claws you.
* * * LOW HITPOINT WARNING * * *
The black bear claws you.
* * * LOW HITPOINT WARNING * * *
Duvessa drinks a potion.
Duvessa is healed!
You're too confused to move!
You feel sick. The black bear bites you.
* * * LOW HITPOINT WARNING * * *
The black bear closely misses you.
The black bear claws you but does no damage.
Dowan zaps a wand.
The bolt of light hits you!
You die...

........##..#.#..#
......####.##.##.##
......# #.#...#..#
.....## #.#._.#..#
#<... #.# #..#
#.... #.# ##.##
#... #.. #..# ##.
#..# #e@# #he#
..... ........
..#.#...... .
#....##### .#... .
#...


You could see Duvessa (fast), a black bear and Dowan.

Vanquished Creatures
  Sigmund (D:4)
  A kobold brigand (D:4)
  2 scorpions (D:4)
  A hound (D:4)
  A gnoll bouda (D:4)
  An iguana (D:4)
  Robin (D:2)
  6 adders
  5 gnolls (D:4)
  An ufetubus (D:5)
  5 orcs
  9 endoplasms
  3 giant cockroaches
  19 goblins
  11 hobgoblins
  8 jackals
  27 kobolds
  8 quokkas
  11 ball pythons
  8 bats
  5 frilled lizards
  10 rats
144 creatures vanquished.

Vanquished Creatures (collateral kills)
  An orc wizard (D:4)
  An orc (D:4)
2 creatures vanquished.

Vanquished Creatures (others)
  60 plants (D:4)
60 creatures vanquished.

Grand Total: 206 creatures vanquished

Notes
Turn   | Place    | Note
-------+----------+-------------------------------------------
     0 | D:1      | lokiplouj the Minotaur Fighter began the quest for the Orb.
     0 | D:1      | Reached XP level 1. HP: 19/19 MP: 0/0
   129 | D:1      | Reached XP level 2. HP: 27/27 MP: 1/1
   439 | D:1      | Reached XP level 3. HP: 33/33 MP: 2/2
   982 | D:2      | Noticed Robin
   993 | D:2      | Killed Robin
   994 | D:2      | Reached XP level 4. HP: 36/41 MP: 3/3
  1349 | D:3      | Found a faded altar of an unknown god.
  1606 | D:3      | Reached XP level 5. HP: 45/47 MP: 4/4
  1701 | D:3      | Found a hide-covered altar of Uskayaw.
  1701 | D:3      | Noticed a +0 spear
  1702 | D:3      | Noticed a +0 short sword
  1702 | D:3      | Noticed a +0 falchion
  1703 | D:3      | Noticed a +0 dagger
  1703 | D:3      | Noticed a +0 spear
  1704 | D:3      | Noticed a +0 short sword
  1704 | D:3      | Noticed a +0 falchion
  1705 | D:3      | Noticed a +0 dagger
  1891 | D:3      | Found a shadowy altar of Dithmenos.
  1976 | D:3      | Prayed at the altar of an unknown god.
  1976 | D:3      | Became a worshipper of Ashenzari the Shackled
  2152 | D:4      | Reached skill level 5 in Fighting
  2152 | D:4      | Reached skill level 5 in Armour
  2152 | D:4      | Reached skill level 5 in Shields
  2153 | D:4      | Reached XP level 6. HP: 56/56 MP: 5/5
  2795 | D:4      | Found a staircase to the Ecumenical Temple.
  3124 | D:4      | Found a faded altar of an unknown god.
  3124 | D:4      | Noticed Sigmund
  3126 | D:4      | Found a hazy altar of Hepliaklqana.
  3136 | D:4      | Killed Sigmund
  3137 | D:4      | Reached skill level 5 in Axes
  3137 | D:4      | Reached XP level 7. HP: 30/62 MP: 6/6
  3594 | D:5      | Entered Level 5 of the Dungeon
  3624 | D:5      | Found a radiant altar of Vehumet.
  3647 | D:5      | Noticed Dowan
  3647 | D:5      | Noticed Duvessa
  3660 | D:5      | Killed from afar by Dowan

Illustrated notes

Levels and vault maps discovered:
D:1:      lemuel_arrival_river_ford, layout_loops_cross
D:2:      layout_basic, uniq_robin
D:3:      layout_loops_ring, nicolae_overflow_ecumenical_swirl,
          nicolae_uskayaw_en_pointe, minmay_increasing_density
D:4:      kennysheep_kobold_camp, layout_basic,
          beargit_hepliaklqana_dungeon_heroes, temple_green
D:5:      nicolae_BIG_FREAKIN_CUBE, layout_cave_pools,
          nicolae_ru_great_annihilating_truth,
          mainiacjoe_overflow_surrounded_room, glass_columns_b, uniq_duvessa

Skill      XL: |  1  2  3  4  5  6  7 |
---------------+----------------------+-----
Armour         | 4 5 6 |  6.1
Fighting       | 4 5 6 |  6.1
Shields        | 4 5 6 |  6.1
Axes           | 3 4 5 |  5.5

Action                   |  1- 3 |  4- 6 |  7- 9 || total
-------------------------+-------+-------+-------++-------
Melee: War axe           |    92 |    68 |       ||   160
       Headbutt          |     8 |    16 |    11 ||    35
       Spear             |       |    86 |    51 ||   137
Evoke: Wand              |       |       |     1 ||     1
  Use: Potion            |     1 |       |       ||     1
       Scroll            |       |     5 |     1 ||     6
Armor: Scale mail        |    52 |    74 |    22 ||   148
Dodge: Dodged            |    43 |    71 |    17 ||   131
Block: Buckler           |    21 |    31 |     5 ||    57

Table legend: (Time is in decaauts)
 A = Elapsed time spent in this place.
 B = Non-inter-level travel time spent in this place.
 C = Inter-level travel time spent in this place.
 D = Time resting spent in this place.
 E = Time spent auto-exploring this place.
 F = Levels seen in this place.
 G = Mean time per level.
                   A        B        C        D        E       F      G
               +--------+--------+--------+--------+--------+-----+--------+
         Total |   3722 |   3405 |    317 |    345 |   2390 |   5 |  744.4 |
       Dungeon |   3722 |   3405 |    317 |    345 |   2390 |   5 |  744.4 |
               +--------+--------+--------+--------+--------+-----+--------+

Top non-repeatable levels by time:
     D:4: 1568 daAuts
     D:1: 792 daAuts
     D:3: 760 daAuts
     D:2: 535 daAuts
     D:5: 65 daAuts
